Map: Divergence LE

Players

Drifter - Winner!

  • Race: Protoss Protoss
  • League: Silver
  • Spawn Location: 11:00

JYL - Winner!

  • Race: Terran Terran
  • Spawn Location: 11:00

Massa

  • Race: Terran Terran
  • League: Gold
  • Spawn Location: 5:00

qqq

  • Race: Zerg Zerg
  • League: Platinum
  • Spawn Location: 5:00

VOD

Have the link to the VOD?

Description

Time

  • Played on: July 25, 2020, 5:30 a.m.
  • Length: 14:59
Show
View Real Time Build Order
Export as new Build Order

Drifter Protoss - Winner!

Build Orders: Oracle Opening 

Get SALT Encoding   

  12  0:01  Probe  
  13  0:13  Probe  
  14  0:21  Pylon  
  14  0:25  Probe  
  15  0:39  Probe  
  16  0:44  Gateway  
  16  0:51  Probe  
  16  0:52  Assimilator  
  17  1:04  Probe  
  18  1:06  Pylon  
  18  1:16  Probe  
  19  1:39  Cybernetics Core  
  19  1:53  Cybernetics Core  
  19  2:00  Assimilator  
  19  2:13  Nexus  
  19  2:16  Probe  
  20  2:23  Warp Gate  
  20  2:28  Probe, Stalker  
  23  2:52  Pylon  
  23  3:02  Stalker  
  25  3:07  Probe  
  26  3:17  Stargate  
  26  3:19  Probe  
  27  3:31  Probe x2  
  29  3:40  Stalker  
  31  3:41  Probe  
  31  3:43  Probe  
  33  3:49  Probe  
  33  3:52  Oracle  
  34  3:55  Probe  
  34  3:57  Probe  
  39  4:09  Probe  
  40  4:12  Assimilator  
  40  4:15  Stargate  
  40  4:18  Assimilator  
  40  4:28  Forge  
  38  4:44  Pylon  
  38  4:58  Pylon  
  38  5:13  Void Ray x2  
  46  5:15  Probe  
  46  5:16  Probe  
  48  5:23  Stalker  
  48  5:27  Probe  
  48  5:28  Probe  
  52  5:39  Probe, Gateway  
  52  5:40  Gateway  
  52  5:41  Gateway  
  53  5:51  Probe  
  54  6:03  Probe  
  55  6:08  Stalker  
  55  6:10  Void Ray x2  
  65  6:15  Probe  
  66  6:22  Protoss Ground Armor Level 1  
  66  6:29  Probe  
  67  6:41  Probe, Pylon  
  67  6:44  Pylon x2  
  68  6:53  Probe  
  69  7:05  Void Ray x2  
  77  7:20  Stargate  
  77  7:48  Void Ray  
  75  8:12  Nexus  
  75  8:13  Pylon  
  75  8:14  Pylon  
  75  8:17  Void Ray x2, Assimilator  
  83  8:21  Assimilator  
  83  8:30  Void Ray  
  87  9:00  Void Ray  
  80  9:39  Void Ray x2  
  80  9:43  Void Ray  
  92  10:10  Fleet Beacon  
  92  10:15  Probe x2  
  94  10:31  Pylon  
  94  10:32  Pylon  
  94  10:35  Pylon  
  94  10:44  Void Ray x2  
  94  10:52  Void Ray  
  102  10:59  Pylon  
  102  11:01  Pylon  
  102  11:02  Pylon  
  106  11:05  Flux Vanes  
  106  11:22  Void Ray x2  
  106  11:27  Nexus  
  114  11:34  Void Ray  
  106  12:48  Carrier  
  106  12:49  Carrier  
  120  12:54  Void Ray  
  117  13:36  Void Ray  
  121  13:52  Void Ray x2  
Show
View Real Time Build Order
Export as new Build Order

JYL Terran - Winner!

Build Orders: Reaper Expand 

Get SALT Encoding   

  12  0:01  SCV  
  13  0:13  SCV  
  14  0:17  Supply Depot  
  14  0:25  SCV  
  15  0:39  SCV  
  15  0:40  Barracks  
  16  0:44  Refinery  
  16  0:53  SCV  
  17  1:05  SCV  
  18  1:17  SCV  
  19  1:29  Orbital Command  
  19  1:30  Reaper  
  20  1:57  SCV  
  20  2:00  Command Center  
  21  2:07  Reaper  
  21  2:08  Refinery  
  22  2:09  SCV  
  22  2:13  Supply Depot  
  23  2:35  SCV  
  24  2:37  Factory  
  24  2:42  Barracks Reactor  
  24  2:51  Barracks  
  23  3:06  SCV  
  24  3:18  SCV  
  24  3:44  Barracks  
  24  3:45  Barracks  
  24  3:46  Barracks  
  24  3:47  Engineering Bay  
  24  3:48  Factory Tech Lab  
  24  3:49  Engineering Bay  
  24  3:52  Marine x2  
  26  3:56  Barracks Tech Lab  
  26  4:05  Starport  
  26  4:10  SCV  
  26  4:12  Orbital Command  
  27  4:22  SCV  
  28  4:34  Terran Infantry Armor Level 1, Terran Infantry Weapons Level 1  
  28  4:36  Barracks Tech Lab  
  28  4:39  Marine x2  
  30  4:50  Stimpack  
  30  4:54  SCV x2  
  30  4:56  Combat Shield  
  30  4:59  Barracks Reactor  
  32  5:00  Barracks Reactor  
  32  5:06  SCV  
  33  5:17  Medivac  
  33  5:21  Medivac  
  37  5:24  Supply Depot  
  37  5:27  Marine x2  
  39  5:30  Marine  
  40  5:40  Marine x4  
  44  5:46  Armory  
  44  5:48  Supply Depot  
  44  6:01  Barracks Reactor  
  44  6:04  Marine  
  44  6:05  Marine x3  
  44  6:06  Marauder x2  
  52  6:12  SCV x2  
  54  6:24  Siege Tank  
  57  6:28  Supply Depot  
  57  6:34  Orbital Command  
  58  6:40  SCV x2  
  58  6:44  Concussive Shells  
  58  6:46  Marauder  
  61  6:51  Supply Depot  
  61  6:52  SCV  
  64  7:04  SCV  
  65  7:08  Marine  
  65  7:09  Marine x4  
  65  7:10  Marine x2  
  65  7:13  Marauder  
  72  7:19  Medivac x2  
  76  7:23  Command Center  
  76  7:29  Supply Depot  
  76  7:32  SCV x2  
  78  7:49  Medivac  
  76  7:56  Marine x3  
  76  7:57  Marine x2  
  76  7:58  Marauder x2  
  71  8:17  Marine  
  71  8:18  Marine x5  
  71  8:21  Missile Turret  
  71  8:24  Missile Turret  
  71  8:27  Terran Infantry Weapons Level 2  
  71  8:31  Supply Depot  
  71  8:32  Supply Depot  
  71  8:36  Marauder x2  
  71  8:37  Marine x6  
  81  8:49  Orbital Command  
  81  8:54  Medivac  
  83  9:01  SCV x2  
  83  9:02  Refinery x2  
  85  9:08  Siege Tank  
  85  9:09  Marine x7  
  94  9:10  Marine  
  94  9:13  SCV  
  94  9:14  SCV  
  98  9:25  SCV  
  98  9:26  SCV, Marine x2, Orbital Command  
  102  9:40  Siege Tank  
  102  9:42  Terran Vehicle Weapons Level 1  
  105  9:54  Marauder x2, Marine x5  
  105  9:55  Marine  
  114  10:12  Marine x2  
  114  10:13  Marine x2  
  96  10:33  Marine x6  
  96  10:34  Marauder x2, Siege Tank  
  96  10:35  Medivac  
  108  10:36  SCV x2  
  110  10:45  SCV  
  110  10:48  SCV x2  
  113  10:51  Medivac  
  115  10:57  SCV  
  115  11:00  SCV  
  117  11:10  Supply Depot  
  117  11:16  Supply Depot  
  117  11:17  Missile Turret, Supply Depot  
  117  11:23  Terran Infantry Weapons Level 3  
  117  11:27  Supply Depot  
  117  11:28  Supply Depot  
  117  11:29  Supply Depot  
  117  11:31  Marine x5  
  117  11:32  SCV x3  
  125  11:34  Supply Depot  
  125  11:37  Terran Infantry Armor Level 2, Marine x3  
  125  11:38  Barracks x2  
  125  11:39  Barracks  
  128  11:40  Siege Tank  
  128  11:44  SCV  
  103  12:24  Marine x6  
  103  12:25  Marauder x2, Siege Tank  
  100  12:31  Barracks Reactor x2  
  100  12:32  Barracks Tech Lab  
  100  12:33  Medivac x2  
  102  12:49  Marine x4  
  105  12:55  Marine  
  105  12:56  Marine  
  105  12:57  Marauder x3  
  105  12:58  Siege Tank  
  114  13:05  Supply Depot  
  105  13:53  Marine x5  
  105  13:54  Marine x5  
  115  13:56  Marauder x3, Siege Tank  
  115  13:57  Liberator x2  
  130  14:03  SCV x2  
  133  14:15  SCV  
  133  14:16  SCV  
  131  14:37  Marine x2  
  131  14:38  Marine x6  
  135  14:39  Marine x2  
Show
View Real Time Build Order
Export as new Build Order

Massa Terran 

Build Orders: Reaper Expand 

Get SALT Encoding   

  12  0:02  SCV  
  13  0:19  SCV  
  13  0:21  Supply Depot  
  14  0:31  SCV  
  15  0:43  Barracks  
  15  0:44  SCV  
  16  0:56  SCV  
  17  1:08  Refinery, SCV  
  18  1:11  Refinery  
  18  1:20  SCV  
  19  1:38  Supply Depot  
  19  1:53  Orbital Command  
  19  1:59  Command Center  
  19  2:02  Reaper  
  20  2:25  Barracks  
  20  2:28  SCV  
  21  2:39  Reaper  
  21  2:40  SCV  
  23  2:56  SCV  
  24  3:08  SCV  
  24  3:20  SCV  
  25  3:38  Barracks Tech Lab  
  24  3:46  Barracks Tech Lab  
  24  3:47  SCV  
  25  3:59  SCV, Stimpack  
  25  4:00  Factory  
  26  4:05  Marauder x2  
  30  4:11  SCV  
  31  4:19  Engineering Bay  
  31  4:23  SCV  
  32  4:27  Marauder x2  
  32  4:28  Concussive Shells  
  36  4:33  SCV  
  36  4:35  SCV  
  38  4:45  SCV  
  39  4:47  Factory Tech Lab  
  39  4:48  SCV, Marauder x2  
  39  4:51  Starport  
  44  4:55  Terran Infantry Weapons Level 1  
  44  4:57  SCV  
  45  5:00  SCV, Armory  
  46  5:09  Orbital Command  
  46  5:18  Supply Depot  
  46  5:20  Supply Depot  
  46  5:21  Supply Depot  
  46  5:23  Combat Shield  
  46  5:39  SCV, Siege Tank  
  46  5:40  Marauder x2  
  46  5:41  SCV  
  55  5:51  SCV  
  55  5:54  SCV  
  57  6:01  Marauder x2  
  57  6:03  Barracks  
  57  6:04  SCV  
  61  6:06  SCV  
  61  6:08  Missile Turret  
  60  6:15  Missile Turret  
  60  6:16  SCV  
  60  6:17  Missile Turret  
  60  6:18  Terran Vehicle Weapons Level 1  
  59  6:22  Marauder  
  59  6:26  Missile Turret  
  59  6:28  Refinery  
  59  6:29  SCV x2  
  61  6:40  Marauder  
  61  6:41  SCV x2  
  61  6:43  Marine  
  66  6:49  Terran Infantry Armor Level 1  
  66  6:52  Supply Depot  
  66  6:53  SCV x2  
  68  6:56  Medivac, Supply Depot  
  69  7:01  Marine  
  69  7:04  Missile Turret  
  70  7:09  Supply Depot  
  70  7:13  Marine  
  71  7:20  Marauder  
  74  7:23  Barracks Reactor  
  73  7:31  Marine  
  74  7:41  Marauder  
  76  7:49  Marauder  
  78  7:52  Medivac  
  80  8:02  Marauder  
  82  8:10  Marauder  
  84  8:24  SCV  
  84  8:25  SCV  
  86  8:33  Command Center  
  86  8:36  Terran Vehicle And Ship Armor Level 1  
  86  8:37  SCV x2  
  88  8:42  Marauder x2, Marine x2  
  88  8:43  Terran Infantry Weapons Level 2  
  94  8:53  Supply Depot  
  94  9:07  Marine x2, Missile Turret  
  94  9:09  Marine  
  94  9:14  SCV x2, Thor  
  102  9:21  Marine  
  102  9:28  Missile Turret  
  102  9:44  SCV x2, Marine x4  
  108  9:56  SCV, Supply Depot  
  108  9:57  SCV  
  108  9:58  Supply Depot  
  110  10:00  Supply Depot  
  110  10:02  Marine x4  
  96  10:20  Marine x4  
  96  10:23  Command Center  
  76  10:32  Thor  
  72  10:38  Marauder x2, Marine x2  
  72  10:39  Orbital Command  
  78  10:44  SCV x2  
  78  10:45  Command Center  
  80  10:52  Missile Turret  
  80  10:55  Marine x2  
  80  10:56  SCV x2  
  84  10:59  Marauder  
  84  11:00  Marauder  
  84  11:02  Missile Turret  
  88  11:05  Medivac  
  88  11:08  SCV x2  
  88  11:09  Terran Infantry Armor Level 2  
  88  11:11  Terran Vehicle And Ship Armor Level 2  
  92  11:12  Missile Turret  
  92  11:13  Marine x2  
  92  11:15  Thor  
  100  11:20  SCV x2  
  100  11:21  Marauder x2  
  106  11:32  SCV  
  107  11:33  SCV, Marine x2  
  107  11:35  Medivac  
  111  11:42  Marauder, Marine  
  114  11:52  Missile Turret  
  114  11:59  SCV  
  114  12:00  SCV x2, Marauder  
  114  12:01  Orbital Command  
  119  12:04  Marauder  
  119  12:05  Medivac  
  123  12:12  SCV  
  95  12:21  Marauder  
  80  12:22  Thor  
  80  12:25  Marauder  
  86  12:34  Barracks  
  86  12:37  Barracks  
  86  12:43  Marauder  
  82  12:46  Marauder  
  84  13:03  Viking  
  84  13:04  Marauder  
  88  13:05  Thor  
  88  13:08  Marauder  
  90  13:25  Thor  
  83  13:29  Marauder  
  83  13:33  Viking  
  68  13:50  Marine  
  69  14:02  Viking  
  69  14:03  Barracks  
  69  14:06  Barracks, Missile Turret  
  69  14:07  Missile Turret  
  69  14:08  Marine  
  72  14:14  Barracks  
  72  14:15  Marine  
  73  14:22  Marine  
  74  14:25  Missile Turret  
  74  14:26  Marine  
  74  14:27  Missile Turret x2  
  75  14:31  Barracks  
  75  14:33  Marine  
  75  14:40  Marine  
  76  14:47  SCV  
  78  14:56  Missile Turret x2  
  78  14:58  Missile Turret x2  
Show
View Real Time Build Order
Export as new Build Order

qqq Zerg 

Build Orders: Hatch First 

Get SALT Encoding   

  12  0:01  Drone  
  13  0:08  Drone  
  14  0:36  Hatchery  
  14  0:41  Drone  
  14  0:54  Spawning Pool  
  13  1:02  Overlord  
  13  1:06  Drone  
  14  1:16  Overlord  
  14  1:21  Extractor, Drone  
  14  1:26  Drone  
  15  1:36  Drone  
  16  1:46  Drone  
  17  1:48  Drone  
  17  1:51  Queen  
  20  2:00  Drone  
  21  2:01  Drone  
  22  2:12  Queen  
  22  2:15  Drone  
  25  2:20  Zergling x2  
  26  2:26  Metabolic Boost  
  26  2:33  Drone x2  
  28  2:50  Drone, Zergling x2  
  28  2:51  Drone x2  
  32  3:02  Zergling x8  
  35  3:08  Drone, Roach Warren  
  35  3:10  Drone  
  36  3:16  Overlord  
  36  3:33  Overlord x2  
  37  3:41  Drone  
  37  3:43  Drone  
  37  3:47  Zergling x2  
  39  3:48  Zergling x2  
  39  3:51  Drone  
  41  3:56  Drone x2  
  41  3:57  Zergling x2  
  41  4:00  Zergling x2  
  41  4:01  Hatchery  
  44  4:04  Drone  
  44  4:05  Zergling x2  
  38  4:32  Roach x4  
  38  4:33  Drone x2  
  38  4:34  Drone  
  49  4:41  Roach  
  49  4:43  Extractor  
  50  4:48  Roach  
  50  4:50  Lair  
  52  4:58  Pneumatized Carapace  
  52  5:02  Drone x2  
  52  5:03  Roach  
  56  5:09  Drone  
  56  5:10  Drone x2  
  59  5:17  Drone  
  59  5:18  Drone x4  
  64  5:22  Extractor  
  64  5:25  Roach  
  64  5:26  Hatchery, Overlord  
  64  5:41  Drone  
  65  5:43  Extractor  
  65  5:44  Overlord x4  
  64  5:50  Drone x3  
  64  5:51  Drone x2  
  64  5:53  Roach  
  71  6:02  Drone  
  72  6:05  Spore Crawler  
  72  6:08  Spore Crawler  
  70  6:13  Overseer  
  70  6:14  Spire  
  70  6:18  Drone x2, Spore Crawler  
  70  6:21  Spine Crawler  
  70  6:22  Overlord x2  
  70  6:23  Roach x2  
  73  6:32  Hydralisk Den  
  72  6:34  Roach x2  
  72  6:35  Roach  
  72  6:36  Roach  
  80  6:40  Glial Reconstitution  
  80  6:42  Drone  
  80  6:43  Drone  
  82  6:51  Drone  
  82  6:52  Drone  
  84  6:54  Nydus Network  
  82  7:19  Drone x2, Spore Crawler  
  82  7:20  Spore Crawler, Roach x2  
  82  7:21  Hydralisk x5  
  96  7:23  Drone  
  96  7:29  Drone x2  
  99  7:32  Spine Crawler  
  99  7:34  Drone  
  69  8:14  Zergling x6  
  69  8:15  Zergling x6  
  69  8:17  Overseer  
  75  8:20  Drone x3  
  78  8:29  Hatchery, Mutalisk x2  
  78  8:31  Drone  
  79  8:42  Hydralisk x2  
  79  8:45  Drone  
  75  9:11  Hatchery  
  75  9:12  Grooved Spines  
  75  9:13  Hydralisk x4  
  75  9:14  Hydralisk x2  
  75  9:15  Drone  
  75  9:16  Drone x2  
  87  9:20  Hatchery  
  86  9:26  Hatchery  
  86  9:29  Mutalisk x2  
  90  9:31  Drone  
  92  9:38  Roach  
  92  9:39  Roach  
  94  9:47  Drone  
  95  9:53  Drone, Spine Crawler  
  95  9:54  Spore Crawler  
  96  10:07  Roach x4  
  96  10:08  Drone  
  96  10:12  Evolution Chamber  
  102  10:16  Roach x2  
  102  10:17  Drone  
  107  10:27  Hatchery  
  106  10:29  Hydralisk x2  
  106  10:33  Muscular Augments  
  111  10:35  Drone x2  
  111  10:36  Drone x2  
  111  10:37  Hydralisk x2  
  111  10:40  Zerg Missile Weapons Level 1  
  118  10:47  Drone  
  119  10:50  Overlord x2  
  119  11:01  Overlord  
  119  11:02  Overlord  
  119  11:08  Hatchery x2, Overlord x2  
  117  11:16  Hydralisk x2  
  122  11:18  Drone x3  
  122  11:19  Drone x3  
  127  11:28  Nydus Canal  
  127  11:30  Hydralisk x2  
  127  11:31  Drone x2  
  133  11:46  Overseer  
  133  11:53  Drone x6, Hydralisk x2  
  133  11:54  Hydralisk x4  
  151  12:07  Zergling x6  
  156  12:08  Roach x3  
  120  12:32  Hydralisk x5  
  120  12:34  Drone x6, Zerg Ground Armor Level 1  
  120  12:35  Drone x4  
  140  12:43  Lurker Den  
  118  12:45  Hydralisk x2  
  118  12:46  Hydralisk x4  
  118  12:51  Zergling x2  
  116  12:52  Zergling x2  
  116  12:53  Zergling x2  
  106  12:59  Hatchery  
  106  13:01  Zergling x4  
  106  13:02  Hydralisk x2  
  83  13:16  Zergling x10  
  83  13:17  Zergling x2  
  83  13:18  Zergling x4  
  85  13:27  Spawning Pool  
  85  13:30  Zergling x8  
  85  13:31  Zergling x4  
  69  13:49  Zergling x8  
  55  13:57  Drone x4  
  55  13:58  Drone  
  57  14:03  Drone x2  
  57  14:04  Drone  
  58  14:23  Spore Crawler  
  57  14:26  Spore Crawler x3  
  57  14:28  Drone x2  
  57  14:29  Drone x3, Spore Crawler x2  
  40  14:40  Spine Crawler, Spore Crawler  
  40  14:42  Spine Crawler, Spore Crawler  
Tags
 
Add a new tag
Caveats
  • Supply blocks, unpowered buildings, or Contaminate may cause inaccurate times.
  • Supply counts are checked every 10 seconds.